 Dungeon Crawl Stone Soup version 0.19-a0-1254-gb9c29c0 (webtiles) character file.

141026 4thArraOfDagon the Fencer (level 16, -12/127 HPs)
             Began as a Vampire Gladiator on Aug 27, 2016.
             Was an Elder of Cheibriados.
             Mangled by a scimitar of holy wrath (21 damage)
             ... on level 3 of the Elven Halls.
             The game lasted 01:07:38 (11461 turns).

4thArraOfDagon the Fencer (Vampire Gladiator)      Turns: 11461, Time: 01:07:39

Health: -12/127    AC: 20    Str: 25    XL:     16   Next: 77%
Magic:  24/24      EV: 24    Int: 25    God:    Cheibriados [****..]
Gold:   1194       SH:  0    Dex: 31    Spells: 0 memorised, 15 levels left

rFire  + + .     SeeInvis +     U - +6 scimitar of Flaming Death {sticky flame, rPois rF++ rC- MR+}
rCold  . . .     Gourm    .     u - +5 scale mail of the Tortoise {Str+4}
rNeg   . . .     Faith    .     (no shield)
rPois  +         Spirit   .     c - +0 helmet
rElec  .         Dismiss  .     O - +2 cloak {MR+}
rCorr  .         Reflect  .     X - +0 pair of fencer's gloves {+Riposte Dex+6}
MR     ++++.     Harm     .     J - +0 pair of boots
Stlth  +.........               (no amulet)
                                T - ring of protection from cold
                                P - +2 ring of slaying

@: regenerating very quickly, drained, very slow
A: fangs 3, hooves 1, see invisible, magic resistance 1, mutation resistance 1,
weak 1, unbreathing
a: Bend Time, Temporal Distortion, Slouch, Renounce Religion


You were on level 3 of the Elven Halls.
You worshipped Cheibriados.
Cheibriados was greatly pleased with you.
You were almost alive.

You visited 3 branches of the dungeon, and saw 20 of its levels.
You also visited: Labyrinth and Desolation.

You collected 2343 gold pieces.
You spent 1149 gold pieces at shops.

Inventory:

Hand Weapons
 E - a +7 blowgun
 Q - a +0 triple sword of protection
 U - the +6 scimitar of Flaming Death (weapon) {sticky flame, rPois rF++ rC- MR+}
   (You found it on level 2 of the Elven Halls)

   It has been specially enchanted to burn those struck by it, causing extra
   injury to most foes and up to half again as much damage against particularly
   susceptible opponents.
   Big, fiery blades are also staple armaments of hydra-hunters.
   It greatly protects you from fire.
   It makes you vulnerable to cold.
   It protects you from poison.
   It affects your resistance to hostile enchantments.
Missiles
 F - a curare-tipped needle
Armour
 c - a +0 helmet (worn)
 u - the +5 scale mail of the Tortoise (worn) {Str+4}
   (You found it on level 5 of the Dungeon)

   It affects your strength (+4).
 J - a +0 pair of boots (worn)
 O - a +2 cloak of magic resistance (worn)
 X - the +0 pair of fencer's gloves (worn) {+Riposte Dex+6}
   (You bought it in a shop on level 2 of the Orcish Mines)

   It affects your dexterity (+6).
Magical Staves
 z - an uncursed staff of wizardry {!a}
Jewellery
 o - an uncursed ring of poison resistance
 q - an uncursed ring of fire
 r - an uncursed ring of protection from cold
 s - an uncursed ring of ice
 P - a +2 ring of slaying (left hand)
 R - an uncursed ring of positive energy
 T - a ring of protection from cold (right hand)
 V - an uncursed ring of resist corrosion
Wands
 e - a wand of heal wounds (3/9)
 i - a wand of acid (10/15)
 t - a wand of digging (12/24)
 y - a wand of acid (7/15)
 C - a wand of digging (5/24)
 D - a wand of digging (10/24)
 G - a wand of paralysis (6/24)
 H - a wand of digging (17/24)
 I - a wand of enslavement (6/24)
 W - a wand of disintegration (11/24)
 Y - a wand of acid (7/15)
Scrolls
 a - a scroll of fear
 b - a scroll of enchant armour
 g - 6 scrolls of immolation
 k - 13 scrolls of remove curse
 m - a scroll of teleportation
 p - 3 scrolls of blinking
 v - a scroll of enchant weapon
 A - 2 scrolls of vulnerability
Potions
 d - 2 potions of cure mutation
 f - a potion of lignification
 h - 3 potions of haste {unknown}
 j - 4 potions of curing
 l - 20 potions of blood
 n - a potion of brilliance {unknown}
 w - a potion of ambrosia
 x - 3 potions of heal wounds
 B - a potion of magic {unknown}
 K - 3 potions of flight
 L - 3 potions of might
 M - 2 potions of resistance
 N - 3 potions of degeneration
 S - a potion of berserk rage {unknown}
 Z - a potion of agility


   Skills:
 + Level 12.2(11.0) Fighting
 * Level 17.5(16.2) Long Blades
 - Level 1.5(0.7) Throwing
 + Level 9.6(8.5) Armour
 + Level 14.1(12.9) Dodging
 + Level 11.8(10.6) Invocations


You had 15 spell levels left.
You didn't know any spells.

Dungeon Overview and Level Annotations

Branches:
Dungeon (15/15)            Temple (0/1) D:7            Lair (0/6) D:9
    Orc (2/2) D:10            Elf (3/3) Orc:2        Vaults (0/5) D:14
 Depths (0/5) D:15

Altars:
Cheibriados
Ru
Trog
Vehumet
Xom
Beogh

Shops:
D:8 *   D:13 *[*   D:15 *   Orc:2 [[[*   Elf:1 *

Portals:
Trove: D:10 (give +4 demon blade)

Annotations:
D:5 Grinder; poirepourri's ghost, novice HEHu
Orc:2 1 exclusion


Innate Abilities, Weirdness & Mutations

Your natural rate of healing is extremely fast.
You have razor-sharp teeth.
You have supernaturally acute eyesight. (SInv)
You can survive without breathing.
You have large cloven feet.
You are resistant to hostile enchantments. (MR+)
You are somewhat resistant to further mutation.
You are weak. (Str -2)


Message History

You bite the scimitar of holy wrath.
The scimitar of holy wrath is lightly damaged.
The deep elf death mage hits you but does no damage.
You hit the scimitar of holy wrath but do no damage.
You bite the scimitar of holy wrath, but do no damage.
The scimitar of holy wrath is lightly damaged.
The scimitar of holy wrath misses you.
You riposte.
You miss the scimitar of holy wrath.
The scimitar of holy wrath is lightly damaged.
Unknown command.
You hit the scimitar of holy wrath.
Your bite misses the scimitar of holy wrath.
The scimitar of holy wrath is lightly damaged.
The deep elf death mage points at you and mumbles some strange words.
The bolt of negative energy hits you!
You feel drained.
* * * LOW HITPOINT WARNING * * *
The scimitar of holy wrath hits you!
* * * LOW HITPOINT WARNING * * *
You convulse!!
You die...

#...).##[).##.....#
#.....#.....#.....#
#.....##)..##.....#
#......##.##......#
#.......###..)....
##....[........
##..).........
#............
#...@........
###e(.......#
#'#######'# .. ..
... e... .....
##....


You could see a deep elf annihilator, a deep elf death mage and a scimitar of
holy wrath.

Vanquished Creatures
  Rupert (D:13)
  3 deep elf blademasters (Elf:3)
  Agnes (D:15)
  4 deep elf sorcerers (Elf:3)
  Louise (Elf:3)
  3 deep elf elementalists (Elf:3)
  6 deep elf demonologists
  5 deep elf annihilators (Elf:3)
  2 halazid warlocks (Desolation)
  8 ragged hierophants (Desolation)
  A minotaur (Lab)
  An ettin (Orc:2)
  4 crystal guardians (Desolation)
  3 deep elf death magi
  6 deep elf high priests (Elf:3)
  A yaktaur captain (D:15)
  An ogre mage (D:14)
  A hydra (D:13)
  5 peacekeepers (Desolation)
  8 alligator snapping turtles (Desolation)
  3 centaur warriors
  9 dancing weapons
  2 servants of whispers (Desolation)
  An orc high priest (Orc:2)
  9 deep elf knights
  Sonja (D:10)
  4 hill giants
  2 unseen horrors (D:15)
  4 deep elf archers
  2 orc knights
  29 deep elf magi
  4 manticores
  6 orc sorcerers (Orc:2)
  11 ugly things
  A cyclops (D:13)
  Maurice (D:11)
  A centaur zombie (D:12)
  9 guardian serpents
  2 gargoyles
  3 kobold demonologists (D:15)
  2 efreet
  9 yaktaurs
  4 trolls
  6 slime creatures
  61 saltlings (Desolation)
  3 meliai
  5 two-headed ogres
  A meliai zombie (D:14)
  A raiju (shapeshifter) (Elf:3)
  An air elemental (Elf:1)
  3 water elementals
  A shadow (D:13)
  2 wraiths (D:10)
  2 vampires
  4 wyverns
  A human (D:7)
  A basilisk (D:15)
  3 hogs (D:7)
  16 yaks
  2 fire elementals (Elf:2)
  3 vampire mosquitoes (D:11)
  3 hungry ghosts
  14 wargs
  A soldier ant (D:15)
  A hell hound (D:9)
  8 sky beasts
  A black bear (D:12)
  28 orc warriors
  4 ice beasts
  A phantom (D:7)
  8 ogres
  An eye of draining (D:10)
  7 centaurs
  A crocodile (D:8)
  5 big kobolds
  10 giant frogs
  A gnoll sergeant (D:11)
  3 earth elementals
  4 scorpions
  9 killer bees
  9 wights
  7 crimson imps
  A wasp zombie (D:8)
  A quasit (D:7)
  6 jellies
  2 giant frog skeletons
  28 orc wizards
  7 hounds
  27 orc priests
  3 centaur skeletons
  2 iguanas
  8 worker ants
  A killer bee zombie (D:10)
  A hound zombie (D:11)
  5 worker ant zombies
  9 gnolls
  11 adders
  A shadow imp (D:5)
  An adder zombie (D:8)
  3 worms (D:2)
  A dart slug (D:2)
  2 giant geckos
  100 orcs
  A ball python (D:3)
  3 giant cockroaches
  6 goblins
  7 hobgoblins
  3 jackals (D:6)
  16 kobolds
  5 quokkas
  6 bats
  A giant newt (D:6)
  3 rats
697 creatures vanquished.

Vanquished Creatures (others)
  A water elemental (Elf:3)
  A fungus (Elf:2)
2 creatures vanquished.

Grand Total: 699 creatures vanquished

Notes
Turn   | Place    | Note
-------+----------+-------------------------------------------
     0 | D:1      | 4thArraOfDagon the Vampire Gladiator began the quest for the Orb.
     0 | D:1      | Reached XP level 1. HP: 16/16 MP: 1/1
   153 | D:2      | Reached XP level 2. HP: 16/22 MP: 2/2
   374 | D:4      | Reached XP level 3. HP: 12/27 MP: 3/3
   467 | D:3      | Found a snail-covered altar of Cheibriados.
   469 | D:3      | Became a worshipper of Cheibriados the Contemplative
   478 | D:3      | Reached skill level 4 in Long Blades
   522 | D:3      | Reached XP level 4. HP: 26/34 MP: 4/4
   621 | D:2      | Found a faded altar of an unknown god.
   850 | D:4      | Reached XP level 5. HP: 36/39 MP: 5/5
   954 | D:4      | Reached * piety under Cheibriados
   954 | D:4      | Reached skill level 1 in Invocations
   999 | D:4      | Reached skill level 5 in Long Blades
  1086 | D:4      | Reached XP level 6. HP: 37/47 MP: 5/7
  1137 | D:4      | Noticed a sky beast
  1145 | D:4      | Killed a sky beast
  1198 | D:5      | Entered Level 5 of the Dungeon
  1380 | D:5      | Found a radiant altar of Vehumet.
  1442 | D:5      | Got a fine scale mail
  1453 | D:5      | Identified the +5 scale mail of the Tortoise {Str+4} (You found it on level 5 of the Dungeon)
  1475 | D:5      | Reached skill level 5 in Dodging
  1497 | D:5      | Noticed Grinder
  1499 | D:5      | Paralysed by Grinder for 5 turns
  1510 | D:5      | Noticed poirepourri's ghost (novice HEHu)
  1652 | D:6      | Reached XP level 7. HP: 52/52 MP: 4/8
  1973 | D:6      | Reached skill level 6 in Long Blades
  2226 | D:7      | Reached ** piety under Cheibriados
  2404 | D:7      | Reached XP level 8. HP: 59/60 MP: 10/10
  2450 | D:7      | Reached skill level 7 in Long Blades
  2466 | D:7      | Found a sacrificial altar of Ru.
  2566 | D:7      | Found a staircase to the Ecumenical Temple.
  2661 | D:7      | Got an uncursed jewelled war axe {drain}
  2668 | D:7      | Identified the +2 war axe of Painful Death {drain, rF+} (You took it off a centaur on level 7 of the Dungeon)
  2696 | D:7      | Found Omiris's Book Shop.
  2723 | D:7      | Reached skill level 8 in Long Blades
  2723 | D:7      | Reached XP level 9. HP: 67/67 MP: 12/12
  2728 | D:7      | Reached skill level 5 in Fighting
  2753 | D:7      | Reached *** piety under Cheibriados
  2843 | D:8      | Found a shimmering altar of Xom.
  2983 | D:8      | Found Ifeinkam's General Store.
  2987 | D:8      | Bought a scroll of remove curse for 33 gold pieces
  2987 | D:8      | Bought a scroll of teleportation for 33 gold pieces
  2987 | D:8      | Bought a scroll of immolation for 38 gold pieces
  2987 | D:8      | Bought a cursed -3 ring of slaying for 22 gold pieces
  3003 | D:8      | Reached skill level 5 in Invocations
  3010 | D:8      | Reached skill level 9 in Long Blades
  3191 | D:9      | Reached **** piety under Cheibriados
  3331 | D:9      | Found a staircase to the Lair.
  3340 | D:10     | Entered Level 10 of the Dungeon
  3348 | D:10     | Reached XP level 10. HP: 61/76 MP: 14/14
  3385 | D:10     | Reached skill level 1 in Armour
  3445 | D:10     | Noticed Sonja
  3459 | D:10     | Killed Sonja
  3505 | D:10     | Found a portal to a secret trove of treasure.
  3571 | D:10     | Noticed a gargoyle
  3579 | D:10     | Reached skill level 10 in Long Blades
  3586 | D:10     | Killed a gargoyle
  3753 | D:11     | Reached ***** piety under Cheibriados
  3755 | D:11     | Noticed Maurice
  3760 | D:11     | Killed Maurice
  3842 | D:12     | Noticed a red ugly thing
  3853 | D:12     | Killed a red ugly thing
  3866 | D:12     | Noticed a hill giant
  3874 | D:12     | Killed a hill giant
  3874 | D:12     | Reached XP level 11. HP: 84/84 MP: 15/15
  4016 | D:13     | Found Garhicw's Antique Armour Shoppe.
  4022 | D:13     | Bought a glowing cloak for 171 gold pieces
  4039 | D:13     | Noticed Rupert
  4045 | D:13     | Paralysed by Rupert for 3 turns
  4050 | D:13     | Reached skill level 11 in Long Blades
  4052 | D:13     | Killed Rupert
  4285 | D:13     | Found Telet's General Store.
  4295 | D:13     | Noticed a centaur warrior
  4304 | D:13     | Killed a centaur warrior
  4315 | D:13     | Noticed a four-headed hydra
  4330 | D:13     | Killed a one-headed hydra
  4330 | D:13     | Reached skill level 10 in Dodging
  4392 | D:13     | Noticed a cyan ugly thing
  4405 | D:13     | Killed a cyan ugly thing
  4405 | D:13     | Reached skill level 12 in Long Blades
  4429 | D:13     | Noticed a hill giant
  4435 | D:13     | Killed a hill giant
  4435 | D:13     | Reached XP level 12. HP: 51/92 MP: 17/17
  4488 | D:13     | Found Qulan's Assorted Antiques.
  4520 | D:13     | Bought a fuming clear potion for 27 gold pieces
  4520 | D:13     | Bought 2 blue potions for 55 gold pieces
  4520 | D:13     | Bought a bubbling red potion for 27 gold pieces
  4520 | D:13     | Bought a coppery potion for 27 gold pieces
  4918 | D:14     | Found a labyrinth entrance.
  4924 | Lab      | Entered a labyrinth
  5016 | Lab      | Noticed a minotaur
  5026 | Lab      | Killed a minotaur
  5026 | Lab      | Reached skill level 5 in Armour
  5042 | Lab      | Identified the Collected Works on Curses
  5044 | Lab      | Identified the Incunabulum of Clay
  5155 | D:14     | Noticed a centaur warrior
  5157 | D:14     | Killed a centaur warrior
  5158 | D:14     | Noticed an ogre mage
  5158 | D:14     | Reached skill level 13 in Long Blades
  5169 | D:14     | Killed an ogre mage
  5279 | D:14     | Found a gate to the Vaults.
  5312 | D:15     | Entered Level 15 of the Dungeon
  5323 | D:15     | Reached XP level 13. HP: 83/101 MP: 19/19
  5459 | D:15     | Found Ocogun's Assorted Antiques.
  5474 | D:15     | Bought a yellow potion for 28 gold pieces
  5474 | D:15     | Bought a black potion for 28 gold pieces
  5474 | D:15     | Bought 2 scrolls labeled BUAHEI HELA for 64 gold pieces
  5594 | D:15     | Noticed Agnes
  5597 | D:15     | Killed Agnes
  5941 | D:15     | Reached skill level 14 in Long Blades
  5955 | D:15     | Found a staircase to the Depths.
  6749 | D:11     | Got a warped hunting sling
  6976 | D:10     | Reached skill level 10 in Fighting
  7002 | D:10     | Found a roughly hewn altar of Beogh.
  7007 | D:10     | Found a staircase to the Orcish Mines.
  7055 | Orc:1    | Entered Level 1 of the Orcish Mines
  7123 | Orc:1    | Reached XP level 14. HP: 86/110 MP: 21/21
  7172 | Orc:2    | Entered Level 2 of the Orcish Mines
  7176 | Orc:2    | Found a bloodstained altar of Trog.
  7231 | Orc:2    | Found a roughly hewn altar of Beogh.
  7413 | Orc:1    | Reached ****** piety under Cheibriados
  7626 | Orc:2    | Found a staircase to the Elven Halls.
  7716 | Orc:2    | Found Loescheho's Antique Armour Shop.
  7716 | Orc:2    | Found Kiuroff's General Store.
  7716 | Orc:2    | Found Cydios's Antique Armour Shop.
  7765 | Orc:2    | Found Samnit's Antique Armour Boutique.
  7793 | Orc:2    | Bought the +0 pair of fencer's gloves {+Riposte Dex+6} for 530 gold pieces
  7942 | Elf:1    | Entered Level 1 of the Elven Halls
  8063 | Elf:1    | Found a ruined silver gateway.
  8069 | Desolati | Entered the Desolation of Salt
  8159 | Desolati | Reached skill level 15 in Long Blades
  8189 | Desolati | Reached skill level 10 in Invocations
  8978 | Desolati | Reached XP level 15. HP: 108/117 MP: 16/22
  9343 | Desolati | Reached skill level 16 in Long Blades
  9660 | Desolati | Gained mutation: You are weak. (Str -2) [potion of mutation]
  9660 | Desolati | Gained mutation: You are resistant to hostile enchantments. (MR+) [potion of mutation]
  9660 | Desolati | Gained mutation: You have large cloven feet. [potion of mutation]
  9661 | Desolati | Gained mutation: You are somewhat resistant to further mutation. [potion of mutation]
 10184 | Elf:1    | Found Jaomoegi's Assorted Antiques.
 10187 | Elf:1    | Bought a golden potion for 33 gold pieces
 10187 | Elf:1    | Bought a red potion for 33 gold pieces
 10344 | Elf:3    | Entered Level 3 of the Elven Halls
 10651 | Elf:3    | Noticed a deep elf sorcerer
 10655 | Elf:3    | Killed a deep elf sorcerer
 10655 | Elf:3    | Reached XP level 16. HP: 91/127 MP: 24/24
 10667 | Elf:3    | Identified the +4 hunting sling "Witu" {freeze, +Fly rC- Int+8} (You took it off a gnoll sergeant on level 11 of the Dungeon)
 10676 | Elf:3    | Noticed Louise
 10686 | Elf:3    | Killed Louise
 10854 | Elf:3    | Charly: hi
 10865 | Elf:3    | Charly: is it a 15 runer?
 10878 | Elf:3    | 4thArraOfDagon: hi
 10878 | Elf:3    | 4thArraOfDagon: yea haha
 10894 | Elf:3    | 4thArraOfDagon: i hope!
 10918 | Elf:3    | Charly: how do you plan to heal in extended?
 10975 | Elf:3    | Reached skill level 17 in Long Blades
 11013 | Elf:3    | 4thArraOfDagon: demonspawns in pan i thin
 11013 | Elf:3    | 4thArraOfDagon: should be enough?
 11091 | Elf:3    | Charly: Id doubt it, but never actually got that far with Vamp
 11091 | Elf:3    | Charly: lets hope it does ;p
 11091 | Elf:3    | 4thArraOfDagon: yea i only won 1 vamp in my entire career!
 11091 | Elf:3    | 4thArraOfDagon: and that was in old summoning times
 11131 | Elf:3    | Noticed a deep elf blademaster
 11131 | Elf:3    | Noticed a deep elf blademaster
 11141 | Elf:3    | Killed a deep elf blademaster
 11152 | Elf:3    | Killed a deep elf blademaster
 11272 | Elf:3    | Noticed a deep elf blademaster
 11281 | Elf:3    | Killed a deep elf blademaster
 11440 | Elf:3    | Noticed a Tzitzimitl
 11461 | Elf:3    | Mangled by a scimitar of holy wrath

Vault maps used:
D:1:      roderic_octagonal_star
D:2:      ecumenical_altar_2, first_bread
D:3:      overflow_temple_1_default, uniq_sigmund
D:4:      fedhas_altar_4
D:5:      fiery_altar_vehumet, uniq_grinder
D:7:      kennysheep_mini, serial_shops, shop, grunt_livestock,
          grunt_ministairs_2
D:8:      tgw_xom, serial_shops, shop
D:9:      minmay_lair_entry_lava, hangedman_misty_isle, uniq_psyche
D:10:     david_orc_5, nicolae_trove_entry_crossroad, uniq_sonja
D:11:     lemuel_castle_with_subvaults, uniq_maurice
D:13:     nrook_guardian_serpent_snake_passage, serial_shops,
          nicolae_shop_statue_plus, shop, shop, uniq_rupert
D:14:     hangedman_vaults_entry_quadrant_bands, serial_park_tiny_2,
          lab_entry_generic
D:15:     grunt_enter_depths_snipers, serial_shops, shop_fountains,
          nicolae_lava_and_water, uniq_agnes
Orc:2:    st_orc_mages, basic_altar, trog_book
Elf:1:    minmay_elf_arrival_summoners, serial_shops, nicolae_shop_behind_doors,
          portal_desolation_entry_ruin, grunt_megastairs_2, minmay_shoptagon
Elf:3:    nooodl_elf_gasket, spider_trap, uniq_louise
Lab:      nicolae_lab_dead_adventurers

Skill      XL: |  1  2  3  4  5  6  7  8  9 10 11 12 13 14 15 16 |
---------------+-------------------------------------------------+-----
Fighting       | 2 3 4 6 7 8 9 10 11 12 | 12.2
Long Blades    | 4 5 6 8 9 10 12 13 14 15 16 17 | 17.5
Dodging        | 4 5 7 8 9 10 11 12 13 14 | 14.1
Invocations    | 1 2 3 4 5 6 7 8 9 10 11 | 11.8
Armour         | 2 4 5 6 8 9 |  9.6
Throwing       | |  1.5

Action                   |  1- 3 |  4- 6 |  7- 9 | 10-12 | 13-15 | 16-18 || total
-------------------------+-------+-------+-------+-------+-------+-------++-------
Melee: Long sword        |    66 |   172 |   145 |   437 |       |       ||   820
       Bite              |     5 |    21 |    74 |   125 |   317 |    55 ||   597
       Great sword       |       |       |   261 |    10 |   978 |       ||  1249
       Scimitar          |       |       |       |    75 |   395 |   220 ||   690
 Fire: Blowgun           |       |       |       |       |     8 |       ||     8
Throw: Throwing net      |       |       |       |     3 |     1 |       ||     4
Invok: Bend Time         |       |     1 |       |     2 |     2 |       ||     5
       Slouch            |       |       |       |     7 |    23 |     4 ||    34
       Temporal Distorti |       |       |       |     1 |     2 |     1 ||     4
Evoke: Wand              |       |       |     8 |    10 |    14 |     6 ||    38
  Use: Potion            |     1 |       |     7 |    12 |    28 |     7 ||    55
       Scroll            |       |     3 |     5 |     7 |    13 |     5 ||    33
 Stab: Sleeping          |       |     1 |       |       |       |       ||     1
       Paralysed         |       |       |    17 |     2 |       |       ||    19
       Held in net/web   |       |       |       |     2 |     4 |       ||     6
       Distracted        |       |       |       |       |     1 |       ||     1
  Eat: Corpse            |     8 |     7 |     3 |     4 |    15 |     1 ||    38
Armor: Leather armour    |    16 |     8 |       |       |       |       ||    24
       Ring mail         |       |    17 |       |       |       |       ||    17
       Scale mail        |       |    13 |    95 |    84 |   172 |    27 ||   391
       Skin              |       |       |    26 |       |       |       ||    26
Dodge: Dodged            |    45 |    95 |   303 |   318 |   740 |    78 ||  1579
